 Dungeon Crawl Stone Soup version 0.31-a0-1008-g5b978dac0e (webtiles) character file.

Game seed: 2907528377014769681

260 Azuregosa the Covert (level 6, 0/42 HPs)
             Began as an Octopode Delver on Nov 13, 2023.
             Was a Believer of Sif Muna.
             Slain by an ice beast (5 damage)
             ... on level 3 of the Dungeon.
             The game lasted 00:09:37 (2526 turns).

Azuregosa the Covert (Octopode Delver)              Turns: 2526, Time: 00:09:37

Health: 0/42       AC:  1    Str: 12    XL:     6   Next: 17%
Magic:  9/9        EV: 13    Int: 14    God:    Sif Muna [**....]
Gold:   143        SH:  5    Dex: 13    Spells: 9/9 levels left

rFire   + . .        w - +0 dagger (speed)
rCold   . . .        (no shield)
rNeg    . . .        (helmet restricted)
rPois   .            o - amulet of reflection
rElec   .            q - ring of resist corrosion
rCorr   +            s - ring of resist corrosion
SInv    .            m - ring of protection from fire
Will    .....        (no ring)
Stlth   +++++        (no ring)
HPRegen 0.27/turn    (no ring)
MPRegen 0.11/turn    (no ring)
                     (no ring)

%: reflection
@: no status effects
A: almost no armour, amphibious, 8 rings, camouflage 1, gelatinous body 1,
(nimble swimmer 1), tentacles
a: Renounce Religion, Channel Magic


You were on level 3 of the Dungeon.
You worshipped Sif Muna.
Sif Muna was pleased with you.
You visited 2 branches of the dungeon, and saw 6 of its levels.

You collected 215 gold pieces.
You spent 72 gold pieces at shops.

Inventory:

Hand Weapons
 a - a +0 falchion
 n - a +2 dagger of holy wrath
 w - a +0 dagger of speed (weapon)
Missiles
 j - 44 stones
 r - 4 atropa-tipped darts
Armour
 x - an orb of energy
Jewellery
 m - a ring of protection from fire (on tentacle)
 o - an amulet of reflection (around mantle)
 q - a ring of resist corrosion (left tentacle)
 s - a ring of resist corrosion (right tentacle)
Wands
 f - a wand of digging (12)
 h - a wand of mindburst (8)
 l - a wand of paralysis (7)
Scrolls
 b - a scroll of fog
 c - 3 scrolls of identify
 d - a scroll of fear
 g - 3 scrolls of noise {unknown}
 k - 6 scrolls of teleportation {unknown}
 y - a scroll of poison {unknown}
 z - a scroll of enchant armour {unknown}
 B - a scroll of vulnerability
Potions
 e - a potion of haste
 i - a potion of ambrosia {unknown}
 p - 3 potions of curing {unknown}
 t - a potion of degeneration {unknown}
 u - a potion of heal wounds {unknown}
 v - 2 potions of brilliance {unknown}
 A - a potion of berserk rage {unknown}


   Skills:
 - Level 3.0 Fighting
 - Level 2.0 Long Blades
 - Level 2.0 Dodging
 - Level 10.0 Stealth
 + Level 2.4 Spellcasting


You had 9 spell levels left.
You didn't know any spells.
Your spell library contained the following spells:

 Spells                   Type           Power      Damage    Failure   Level
 Ozocubu's Armour         Ice            1%         N/A       56%         3
 Ozocubu's Refrigeration  Ice            0%         4d7       100%        7


Dungeon Overview and Level Annotations

Branches:
Dungeon (5/15)             Temple (1/1) D:5

Altars:
Ashenzari
Cheibriados
Dithmenos
Elyvilon
Fedhas
Gozag
Kikubaaqudgha
Makhleb
Nemelex Xobeh
Okawaru
Qazlal
Ru
Sif Muna
Trog
Xom
Yredelemnul
Zin
The Shining One

Shops:
D:3 ?


Innate Abilities, Weirdness & Mutations

You cannot wear most types of armour.
You are amphibious.
You can wear up to eight rings at the same time.
Your skin changes colour to match your surroundings (Stealth+).
Your rubbery body absorbs attacks. (AC +1, EV +1)
((You are camouflaged when in or above water. (Stealth+)))
You have tentacles for arms and can constrict up to eight enemies at once.


Message History

The ice beast barely misses you.
You hit the ice beast. You squeeze the ice beast.
The ice beast is heavily wounded.
The ice beast closely misses you.
You barely miss the ice beast.
The ice beast is heavily wounded.
You hit the ice beast but do no damage.
The ice beast is heavily wounded.
The ice beast hits you but does no damage.
You hit the ice beast but do no damage.
The ice beast is heavily wounded.
You hit the ice beast but do no damage.
The ice beast is heavily wounded.
The ice beast closely misses you.
You barely miss the ice beast.
You squeeze the ice beast, but do no damage.
The ice beast is heavily wounded.
The ice beast misses you.
You hit the ice beast.
The ice beast is heavily wounded.
You closely miss the ice beast.
The ice beast is heavily wounded.
The ice beast completely misses you.
You hit the ice beast but do no damage.
The ice beast is heavily wounded.
You closely miss the ice beast.
The ice beast is heavily wounded.
The ice beast misses you.
You hit the ice beast but do no damage.
The ice beast is heavily wounded.
The ice beast hits you. The ice beast freezes you!
* * * LOW HITPOINT WARNING * * *
You completely miss the ice beast.
The ice beast is heavily wounded.
You barely miss the ice beast.
The ice beast is heavily wounded.
The ice beast hits you.
* * * LOW HITPOINT WARNING * * *
The ice beast freezes you.
You die...

##### #...#### ######...#.. #
.........#.########.#
.........#.##.......#### ###
)...............@Y...... ...
...........##.......########
###
...........########...........
...........### #...........#
#.####......... #...........#
#.####....######.##...........#
#.............................#
...########### #..........#
....## ####### ###..........# #


You could see an ice beast.

Vanquished Creatures
  A howler monkey (D:5)
  2 iguanas (D:5)
  An orc wizard (D:3)
  Robin (D:2)
  6 adders
  A worm (D:4)
  10 orcs (D:3)
  6 ball pythons
  4 endoplasms
  4 giant cockroaches
  11 goblins (D:2)
  10 hobgoblins
  3 quokkas
  A bat (D:2)
  4 frilled lizards
  3 kobolds
  2 rats (D:1)
70 creatures vanquished.

Notes
Turn   | Place    | Note
-------+----------+-------------------------------------------
     0 | D:5      | Azuregosa the Octopode Delver began the quest for the Orb.
     0 | D:5      | Reached XP level 1. HP: 16/16 MP: 1/1
    12 | D:5      | Reached skill level 7 in Stealth
    12 | D:5      | Reached XP level 2. HP: 21/21 MP: 2/2
    32 | D:4      | Noticed an ogre
    71 | D:5      | Reached skill level 8 in Stealth
    71 | D:5      | Reached XP level 3. HP: 15/26 MP: 3/3
   132 | D:5      | Reached XP level 4. HP: 31/31 MP: 4/4
   162 | D:5      | Found a staircase to the Ecumenical Temple.
   170 | Temple   | Entered the Ecumenical Temple
   177 | Temple   | Became a worshipper of Sif Muna the Loreminder
   198 | D:5      | Reached skill level 9 in Stealth
   402 | D:4      | Noticed a scorpion
   538 | D:3      | Reached XP level 5. HP: 36/36 MP: 5/5
   710 | D:2      | Noticed Robin
  1165 | D:1      | Reached * piety under Sif Muna
  1173 | D:1      | Reached skill level 10 in Stealth
  1505 | D:2      | Killed Robin
  1522 | D:2      | Reached skill level 1 in Spellcasting
  2121 | D:3      | Reached XP level 6. HP: 42/42 MP: 8/8
  2375 | D:3      | Reached ** piety under Sif Muna
  2422 | D:3      | Noticed an ice beast
  2443 | D:3      | Found Niffao's Magic Scroll Emporium.
  2484 | D:3      | Bought a scroll of identify for 24 gold pieces
  2484 | D:3      | Bought a scroll of vulnerability for 48 gold pieces
  2526 | D:3      | Slain by an ice beast

Illustrated notes

Levels and vault maps discovered:
D:1:      roderic_crop_circles_arrival_small, layout_basic, minivault_14
D:2:      layout_loops_cross, uniq_robin
D:3:      layout_basic, serial_shops, shop, grunt_decor_mini_mirrors
D:4:      layout_loops_ring
D:5:      cheibrodos_barr_body, layout_cave_pods, temple_statues,
          kennysheep_donut, uniq_blork_the_orc, uniq_sigmund
Temple:   dpeg_three_leaves_temple

Skill      XL: |  1  2  3  4  5  6 |
---------------+-------------------+-----
Stealth        | 7 8 9 10 | 10.0
Spellcasting   | 1 2 |  2.4
Fighting       | |  3.0
Long Blades    | |  2.0
Dodging        | |  2.0

Action                     |  1- 3 |  4- 6 || total
---------------------------+-------+-------++-------
  Melee: Falchion          |     9 |    26 ||    35
         Constrict         |     3 |    29 ||    32
         Tentacles         |     2 |    27 ||    29
         Dagger            |       |   140 ||   140
         Punch             |       |     2 ||     2
    Use: Scroll            |     1 |       ||     1
   Stab: Sleeping          |     4 |    20 ||    24
         Distracted        |       |     1 ||     1
 Armour: Skin              |     3 |    47 ||    50
  Dodge: Dodged            |     3 |    61 ||    64
  Block: Other             |       |    17 ||    17
         Reflection        |       |     1 ||     1

Table legend: (Time is in decaauts)
 A = Elapsed time spent in this place.
 B = Non-inter-level travel time spent in this place.
 C = Inter-level travel time spent in this place.
 D = Time resting spent in this place.
 E = Time spent auto-exploring this place.
 F = Levels seen in this place.
 G = Mean time per level.
                   A        B        C        D        E       F      G
               +--------+--------+--------+--------+--------+-----+--------+
         Total |   2499 |   2381 |    118 |    407 |   1080 |   6 |  416.5 |
       Dungeon |   2484 |   2366 |    118 |    407 |   1080 |   5 |  496.8 |
        Temple |     14 |     14 |      0 |      0 |      0 |   1 |   14.0 |
               +--------+--------+--------+--------+--------+-----+--------+

Top non-repeatable levels by time:
     D:1: 724 daAuts
     D:2: 692 daAuts
     D:3: 554 daAuts
     D:5: 354 daAuts
     D:4: 159 daAuts
  Temple: 14 daAuts
